 Dungeon Crawl Stone Soup version 0.23.2-33-g5129a83184 (webtiles) character file.

Game seed: 5676090555899930329

4924 Atelerd the Destroyer (level 10, -13/63 HPs)
             Began as an Octopode Wizard on July 16, 2019.
             Was a Priest of Sif Muna.
             Shot with an arrow by a centaur warrior (20 damage)
             ... on level 8 of the Dungeon.
             The game lasted 00:27:19 (10998 turns).

Atelerd the Destroyer (Octopode Wizard)            Turns: 10998, Time: 00:27:19

Health: -13/63     AC:  1    Str:  9    XL:     10   Next: 52%
Magic:  21/31      EV: 16    Int: 24    God:    Sif Muna [***...]
Gold:   75         SH:  0    Dex: 14    Spells: 17/26 levels left

rFire    . . .     SeeInvis +   y - +5 halberd (freeze)
rCold    x . .     Gourm    .   (shield currently unavailable)
rNeg     . . .     Faith    .   a - +0 hat
rPois    .         Spirit   .   (no amulet)
rElec    .         Reflect  .   o - ring of flight
rCorr    .         Harm     .   z - ring of Waenap {rC- Str+2 Slay+5 SInv}
MR       .....                  B - +4 ring of dexterity
Stlth    +++.......             C - ring of magical power
HPRegen  0.20/turn              (no ring)
MPRegen  0.22/turn              (no ring)
                                (no ring)
                                (no ring)

@: no status effects
A: almost no armour, stealthy swim, amphibious, 8 rings, constrict 8, camouflage
1, gelatinous body 1
a: Divine Energy, Channel Magic, Renounce Religion, Evoke Flight


You were on level 8 of the Dungeon.
You worshipped Sif Muna.
Sif Muna was most pleased with you.
You were hungry.

You visited 1 branch of the dungeon, and saw 8 of its levels.

You collected 355 gold pieces.
You spent 280 gold pieces at shops.

Inventory:

Hand Weapons
 b - a +0 dagger
 g - a +5 hand axe
 y - a +5 halberd of freezing (weapon)
Armour
 a - a +0 hat (worn)
Magical Staves
 h - an uncursed staff of energy
 u - an uncursed staff of air
Jewellery
 n - an uncursed amulet of rage
 o - a ring of flight (left tentacle)
 z - the ring of Waenap (right tentacle) {rC- Str+2 Slay+5 SInv}
   (You acquired it on level 7 of the Dungeon)

   [ring of see invisible]

   It affects your strength (+2).
   It affects your accuracy and damage with ranged weapons and melee attacks
   (+5).
   It makes you vulnerable to cold.
   It lets you see invisible.
 B - a +4 ring of dexterity (on tentacle)
 C - a ring of magical power (on tentacle)
Wands
 m - a wand of flame (3)
 A - a wand of digging (14)
Scrolls
 d - 3 scrolls of fog
 k - 3 scrolls of teleportation
 p - a scroll of remove curse
 s - 3 scrolls of blinking
Potions
 e - a potion of curing
 f - a potion of might
 i - a potion of cancellation {unknown}
 j - 3 potions of haste
 l - 4 potions of degeneration
 q - a potion of berserk rage {unknown}
 t - a potion of ambrosia
 v - 2 potions of invisibility
 w - 2 potions of flight {unknown}
 x - a potion of mutation
Comestibles
 c - 11 rations


   Skills:
 - Level 3.0 Fighting
 - Level 5.0 Dodging
 - Level 2.6 Stealth
 + Level 8.7 Spellcasting
 + Level 9.6 Conjurations
   Level 1.0 Summonings
 - Level 1.0 Translocations
 - Level 5.0 Invocations
 - Level 2.0 Evocations


You had 17 spell levels left.
You knew the following spells:

 Your Spells              Type           Power        Failure   Level  Hunger
a - Magic Dart            Conj           ####         1%          1    None
b - Mephitic Cloud        Conj/Pois/Air  ####....     4%          3    None
c - Blink                 Tloc           N/A          6%          2    None
d - Conjure Flame         Conj/Fire      ####....     2%          3    None

Your spell library contained the following spells:

 Spells                   Type           Power        Failure   Level  Hunger
 Call Imp                 Summ           ###.....     6%          2    None
 Slow                     Hex            ##......     9%          2    None


Dungeon Overview and Level Annotations

Branches:
Dungeon (8/15)             Temple (0/1) D:4
   Lair: D:8-11

Altars:
Ashenzari
Cheibriados
Dithmenos
Gozag
Kikubaaqudgha
Okawaru
Sif Muna
Uskayaw
Vehumet

Shops:
D:5 =   D:8 %(

Annotations:
D:5 exclusion: 2 downstairs


Innate Abilities, Weirdness & Mutations

You cannot wear most types of armour.
You are very stealthy in the water. (Stealth+)
You are amphibious.
You can wear up to eight rings at the same time.
You can use your tentacles to constrict eight enemies at once.
Your skin changes colour to match your surroundings (Stealth+).
Your rubbery body absorbs attacks. (AC +1, EV +1)


Message History

The centaur warrior is engulfed in noxious fumes.
The centaur warrior is engulfed in noxious fumes.
Casting: Mephitic Cloud (safe; 4% risk of failure)
Confirm with . or Enter, or press ? or * to list all spells.
Aiming: Mephitic Cloud (safe; 4% risk of failure)
Press: ? - help, Shift-Dir - straight line, f/p - centaur warrior
Aim: a centaur warrior, wielding a +0 shortbow (lightly wounded, confused)
The ball explodes into a vile cloud!
The stinking cloud engulfs the centaur warrior but does no damage.
The centaur warrior is lightly wounded.
The two-headed ogre is engulfed in noxious fumes.
The centaur warrior is engulfed in noxious fumes.
The two-headed ogre is engulfed in noxious fumes.
The two-headed ogre appears confused.
The centaur warrior gestures wildly.
The two-headed ogre is engulfed in noxious fumes.
The two-headed ogre appears confused.
The centaur warrior seems less confused.
The centaur warrior shoots an arrow.
The arrow hits you!!
You die...

...............##.O###
#.##...#...#.#....Z..#
#......#.......###o###
#.##.......#...###.#
#.##..####.#.......#####.
#.....##.................
####.###.#.....##c.#####.
### #.......##..###
##########.#....@....##
)....#.....#..........###
.....#.#.....##..........
.....#.....#.###..###.###
.....#.####### #......#
.....'.#....# #<##.###
.....#)#.88.# ### ...
###'##.#.88.# #...
#....'....# .###


You could see a centaur warrior, an orc and a centaur skeleton.

Vanquished Creatures
  A two-headed ogre (D:8)
  2 hippogriffs (D:8)
  A wraith (D:7)
  Duvessa (D:7)
  2 orc warriors (D:6)
  A sky beast (D:7)
  A necrophage (D:7)
  2 phantoms
  3 centaurs
  2 ice beasts
  3 ogres
  6 bullfrogs
  A scorpion (D:7)
  2 water moccasin skeletons (D:8)
  Dowan (D:7)
  3 killer bees (D:8)
  A howler monkey (D:8)
  4 wights (D:7)
  An electric eel (D:7)
  2 bullfrog zombies
  2 crimson imps
  2 quasits
  A jelly (D:8)
  3 orc priests
  4 human zombies (D:7)
  Crazy Yiuf (D:2)
  A gnoll shaman (D:7)
  3 hounds
  A centaur skeleton (D:7)
  5 orc wizards
  2 human skeletons (D:7)
  3 iguanas
  7 worker ants
  An ogre zombie (D:7)
  A hound zombie (D:7)
  2 hound skeletons
  2 mummies (D:7)
  8 gnolls
  2 howler monkey skeletons
  6 adders
  An ooze (D:1)
  2 adder zombies
  An adder skeleton (D:5)
  3 worms (D:3)
  2 dart slugs
  2 leopard geckos
  28 orcs
  4 giant cockroaches
  9 goblins
  17 hobgoblins
  12 jackals
  7 bats
  6 frilled lizards
  8 kobolds
  2 leopard gecko skeletons (D:4)
  7 rats
208 creatures vanquished.

Vanquished Creatures (others)
  An ogre (D:7)
  A hound skeleton (D:7)
  2 plants (D:7)
4 creatures vanquished.

Grand Total: 212 creatures vanquished

Notes
Turn   | Place    | Note
-------+----------+-------------------------------------------
     0 | D:1      | Atelerd the Octopode Wizard began the quest for the Orb.
     0 | D:1      | Reached XP level 1. HP: 11/11 MP: 4/4
   323 | D:1      | Reached XP level 2. HP: 17/17 MP: 0/6
   399 | D:1      | Reached skill level 2 in Conjurations
  1086 | D:1      | Reached XP level 3. HP: 13/21 MP: 4/7
  1094 | D:1      | Learned a level 3 spell: Mephitic Cloud
  1097 | D:1      | Learned a level 2 spell: Blink
  1680 | D:2      | Reached skill level 3 in Conjurations
  1680 | D:2      | Reached XP level 4. HP: 14/27 MP: 4/9
  2240 | D:2      | Found a runed translucent door.
  2241 | D:2      | Noticed Crazy Yiuf
  2250 | D:2      | Killed Crazy Yiuf
  2556 | D:3      | Reached XP level 5. HP: 18/31 MP: 10/10
  2571 | D:3      | Found a shadowy altar of Dithmenos.
  2746 | D:3      | Reached skill level 4 in Conjurations
  2903 | D:3      | Found an iron altar of Okawaru.
  3154 | D:3      | Found an opulent altar of Gozag.
  3344 | D:3      | Reached XP level 6. HP: 29/36 MP: 8/12
  3697 | D:4      | Reached skill level 5 in Conjurations
  3899 | D:4      | Reached skill level 1 in Evocations
  3940 | D:4      | Found a staircase to the Ecumenical Temple.
  4087 | D:4      | Found the +9 scales of the Dragon King {rPois rF+ rC+ MR+}
  4101 | D:4      | Found a deep blue altar of Sif Muna.
  4416 | D:4      | Became a worshipper of Sif Muna the Loreminder
  4514 | D:5      | Entered Level 5 of the Dungeon
  4537 | D:5      | Noticed an ice beast
  4544 | D:5      | Learned a level 3 spell: Conjure Flame
  4559 | D:5      | Killed an ice beast
  4559 | D:5      | Reached skill level 1 in Fighting
  4835 | D:5      | Reached XP level 7. HP: 43/43 MP: 7/13
  4890 | D:5      | Found Bustatig's Jewellery Boutique.
  5870 | D:5      | Reached skill level 5 in Spellcasting
  6227 | D:6      | Reached * piety under Sif Muna
  6747 | D:6      | Reached skill level 1 in Invocations
  6747 | D:6      | Reached XP level 8. HP: 45/51 MP: 9/15
  6849 | D:6      | Reached skill level 6 in Conjurations
  7566 | D:6      | Found a hide-covered altar of Uskayaw.
  7824 | D:7      | Identified a scroll of acquirement
  7825 | D:7      | Got an ancient bronze ring
  7826 | D:7      | Identified the ring of Waenap {rC- Str+2 Slay+5 SInv} (You
                  | acquired it on level 7 of the Dungeon)
  7897 | D:7      | Found a radiant altar of Vehumet.
  7970 | D:7      | Noticed a wraith
  8233 | D:7      | Reached XP level 9. HP: 54/56 MP: 6/18
  8245 | D:7      | Reached skill level 7 in Conjurations
  8253 | D:7      | Found a snail-covered altar of Cheibriados.
  8275 | D:7      | Noticed Dowan
  8275 | D:7      | Noticed Duvessa
  8403 | D:7      | Reached ** piety under Sif Muna
  8463 | D:7      | Killed Dowan
  8494 | D:7      | Killed Duvessa
  8871 | D:7      | Found a shattered altar of Ashenzari.
  9197 | D:7      | Found an ancient bone altar of Kikubaaqudgha.
  9204 | D:7      | Reached skill level 5 in Dodging
  9275 | D:7      | Reached skill level 5 in Invocations
  9467 | D:7      | Reached skill level 8 in Conjurations
  9640 | D:7      | HP: 1/56 [centaur/arrow (13)]
 10025 | D:8      | Reached XP level 10. HP: 42/63 MP: 14/21
 10194 | D:8      | Found Uticy's Weapon Boutique.
 10304 | D:5      | Bought an uncursed ring of magical power for 280 gold
                  | pieces
 10428 | D:8      | Reached *** piety under Sif Muna
 10445 | D:8      | Noticed a two-headed ogre
 10474 | D:8      | Noticed a centaur warrior
 10495 | D:8      | Killed a two-headed ogre
 10495 | D:8      | Reached skill level 9 in Conjurations
 10513 | D:8      | HP: 3/63 [water moccasin skeleton (7)]
 10901 | D:8      | Found Cuest's Food Boutique.
 10985 | D:8      | Noticed a two-headed ogre
 10998 | D:8      | Shot with an arrow by a centaur warrior

Skill      XL: |  1  2  3  4  5  6  7  8  9 10 |
---------------+-------------------------------+-----
Conjurations   | 2 3 4 5 6 8 9 |  9.6
Spellcasting   | 4 5 6 7 8 |  8.7
Evocations     | 1 2 |  2.0
Fighting       | 1 2 3 |  3.0
Invocations    | 1 3 5 |  5.0
Dodging        | 4 5 |  5.0
Stealth        | |  2.6
Summonings     | |  1.0
Translocations | |  1.0

Action                   |  1- 3 |  4- 6 |  7- 9 | 10-12 || total
-------------------------+-------+-------+-------+-------++-------
Melee: Unarmed           |     2 |       |       |       ||     2
       Tentacles         |     6 |    12 |    15 |     6 ||    39
       Dagger            |    25 |       |       |       ||    25
       Constrict         |    10 |    25 |    34 |    10 ||    79
       Hand axe          |     8 |   111 |    96 |       ||   215
       Halberd           |       |       |   103 |    45 ||   148
 Cast: Magic Dart        |    45 |    17 |   143 |    28 ||   233
       Mephitic Cloud    |     1 |    13 |    31 |    12 ||    57
       Blink             |       |     7 |    15 |     3 ||    25
       Conjure Flame     |       |     2 |    20 |     5 ||    27
Invok: Divine Energy     |       |       |     1 |       ||     1
       Stop Divine Energ |       |       |     1 |       ||     1
Evoke: Wand              |       |     9 |     5 |       ||    14
  Use: Scroll            |       |       |    17 |       ||    17
       Potion            |       |       |     3 |     1 ||     4
 Stab: Sleeping          |     2 |     6 |     3 |     2 ||    13
       Confused          |       |     6 |     5 |     2 ||    13
       Distracted        |       |     1 |       |       ||     1
  Eat: Chunk             |     2 |     6 |    12 |     3 ||    23
       Ration            |       |     1 |     2 |       ||     3
Armor: Skin              |     2 |    10 |     9 |     6 ||    27
Dodge: Dodged            |    33 |    75 |   138 |    47 ||   293
